[ PARTIDA AOE2 · #495758223 ]
UnrankedJaponeses vs Tatars
Equipo del jugador · VICT
Equipo rival · DERR
[ ANÁLISIS DE REPETICIÓN · EXTRAÍDO DE LA PARTIDA GRABADA ]
Feudal
10:09
Castillos
13:47
Imperial
33:12
| APM promedio | 72.5 |
| APM pico | 113 |
| eAPM promedio | 39.4 |
| Aldeanos / militares | 170 / 402 |
Foco
⚔️ 50.0% · 🌾 50.0%
Skirmisher ×192 · Cavalry Archer ×92 · Militia ×80 · Spearman ×18 · Trebuchet (Packed) ×12 · Monk ×4
Feudal
10:56
Castillos
14:26
Imperial
33:13
| APM promedio | 74.4 |
| APM pico | 130 |
| eAPM promedio | 40.8 |
| Aldeanos / militares | 199 / 319 |
Foco
⚔️ 52.6% · 🌾 47.4%
Scout Cavalry ×133 · Cavalry Archer ×113 · Skirmisher ×53 · Trebuchet (Packed) ×8 · Monk ×5 · Keshik ×4
Mapa de la partida
Recursos iniciales + cada clic de construcción. Líneas = muros · curvas = relieve. ◆ oro · ⬟ piedra · ● bayas · ✦ reliquia · ◌ hueco del cierre
Tu base· ✓ Cerrada en 13:47 · 0t muro · 2 puerta(s)
Base de サンドマン· ✓ Cerrada en 14:26 · 0t muro · 2 puerta(s)
Terreno inicial suavizado · ◌ = hueco del cierre detectado · pasá el cursor para detalles
Inputs por minuto
— beta55 - - サンドマン
Build order — beta55
Primeras 150 de 604 acciones detectadas
| 0:00 | Encolar | Villager (Male) ×4 |
| 0:01 | Construir | House |
| 0:02 | Construir | House |
| 1:34 | Encolar | Villager (Male) |
| 1:39 | Encolar | Villager (Male) |
| 2:21 | Encolar | Villager (Male) |
| 2:27 | Construir | Lumber Camp |
| 2:42 | Encolar | Villager (Male) |
| 3:10 | Construir | House |
| 3:13 | Encolar | Villager (Male) |
| 3:20 | Encolar | Villager (Male) |
| 3:25 | Construir | House |
| 3:35 | Encolar | Villager (Male) |
| 3:35 | Encolar | Villager (Male) |
| 3:46 | Construir | Lumber Camp |
| 4:16 | Encolar | Villager (Male) |
| 4:52 | Encolar | Villager (Male) |
| 5:03 | Construir | Mill |
| 5:24 | Encolar | Villager (Male) |
| 5:42 | Encolar | Villager (Male) |
| 5:53 | Encolar | Villager (Male) |
| 6:11 | Encolar | Villager (Male) |
| 7:03 | Construir | Farm |
| 7:05 | Encolar | Villager (Male) |
| 7:09 | Construir | Mining Camp |
| 7:30 | Encolar | Villager (Male) |
| 7:48 | Construir | Farm |
| 7:59 | Investigar | Feudal Age |
| 8:25 | Construir | Barracks |
| 8:30 | Encolar | Villager (Male) |
| 8:30 | Encolar | Villager (Male) |
| 10:09 | Edad | Edad Feudal |
| 10:11 | Construir | Blacksmith |
| 10:12 | Construir | Archery Range |
| 10:50 | Construir | Farm |
| 11:07 | Investigar | Castle Age |
| 11:36 | Construir | House |
| 11:56 | Construir | Archery Range |
| 12:01 | Encolar | Villager (Male) |
| 12:41 | Investigar | Double-Bit Axe |
| 13:19 | Investigar | Horse Collar |
| 13:21 | Investigar | Fletching |
| 13:47 | Edad | Edad de los Castillos |
| 13:48 | Encolar | Cavalry Archer |
| 13:48 | Encolar | Cavalry Archer |
| 13:49 | Encolar | Villager (Male) |
| 13:52 | Investigar | Bow Saw |
| 14:07 | Construir | Monastery |
| 14:13 | Encolar | Cavalry Archer |
| 14:13 | Encolar | Cavalry Archer |
| 14:14 | Encolar | Villager (Male) |
| 14:19 | Construir | House |
| 14:29 | Encolar | Villager (Male) |
| 14:33 | Encolar | Cavalry Archer |
| 14:40 | Construir | House |
| 15:02 | Encolar | Villager (Male) |
| 15:11 | Encolar | Cavalry Archer |
| 15:19 | Encolar | Monk |
| 15:23 | Encolar | Villager (Male) |
| 15:28 | Construir | Town Center |
| 15:45 | Encolar | Cavalry Archer |
| 16:04 | Encolar | Villager (Male) |
| 16:16 | Encolar | Cavalry Archer |
| 16:21 | Construir | Farm |
| 16:28 | Construir | Farm |
| 16:29 | Construir | Farm |
| 16:37 | Construir | House |
| 16:49 | Encolar | Skirmisher |
| 16:51 | Encolar | Cavalry Archer |
| 16:51 | Encolar | Cavalry Archer |
| 16:52 | Encolar | Villager (Male) |
| 17:05 | Construir | Palisade Wall |
| 17:07 | Construir | Palisade Wall |
| 17:17 | Encolar | Villager (Male) |
| 17:28 | Encolar | Cavalry Archer |
| 17:28 | Encolar | Cavalry Archer |
| 17:33 | Construir | Farm |
| 17:37 | Construir | House |
| 17:48 | Construir | Farm |
| 17:48 | Investigar | Loom |
| 17:56 | Encolar | Villager (Male) |
| 17:56 | Encolar | Villager (Male) |
| 18:10 | Encolar | Villager (Male) |
| 18:19 | Encolar | Villager (Male) |
| 18:25 | Construir | Farm |
| 18:26 | Construir | Farm |
| 18:27 | Construir | Farm |
| 18:35 | Construir | House |
| 18:38 | Encolar | Cavalry Archer |
| 18:39 | Encolar | Cavalry Archer |
| 18:51 | Construir | Farm |
| 18:56 | Encolar | Cavalry Archer |
| 18:56 | Encolar | Cavalry Archer |
| 18:57 | Construir | Farm |
| 19:01 | Encolar | Villager (Male) |
| 19:02 | Encolar | Villager (Male) |
| 19:23 | Encolar | Villager (Male) |
| 19:45 | Encolar | Villager (Male) |
| 19:46 | Encolar | Villager (Male) |
| 19:46 | Encolar | Villager (Male) |
| 19:50 | Construir | Farm |
| 19:51 | Construir | Farm |
| 19:52 | Construir | Farm |
| 19:52 | Construir | Farm |
| 19:53 | Construir | Farm |
| 20:01 | Construir | Farm |
| 20:02 | Construir | Farm |
| 20:05 | Encolar | Monk |
| 20:10 | Encolar | Villager (Male) |
| 20:15 | Construir | Mining Camp |
| 20:16 | Encolar | Villager (Male) |
| 20:19 | Construir | Farm |
| 20:22 | Encolar | Cavalry Archer |
| 20:23 | Encolar | Cavalry Archer |
| 20:25 | Construir | House |
| 20:26 | Encolar | Villager (Male) |
| 20:37 | Construir | Lumber Camp |
| 20:41 | Construir | House |
| 20:47 | Encolar | Villager (Male) |
| 20:48 | Construir | Lumber Camp |
| 20:50 | Encolar | Villager (Male) |
| 20:53 | Encolar | Cavalry Archer |
| 20:53 | Encolar | Cavalry Archer |
| 20:59 | Encolar | Villager (Male) |
| 21:12 | Encolar | Cavalry Archer |
| 21:13 | Encolar | Cavalry Archer |
| 21:14 | Encolar | Villager (Male) |
| 21:15 | Construir | Farm |
| 21:16 | Construir | Farm |
| 21:20 | Encolar | Villager (Male) |
| 21:25 | Encolar | Villager (Male) |
| 21:44 | Construir | House |
| 21:48 | Encolar | Villager (Male) |
| 21:51 | Encolar | Villager (Male) |
| 21:51 | Encolar | Villager (Male) |
| 21:51 | Encolar | Villager (Male) |
| 21:51 | Encolar | Villager (Male) |
| 21:53 | Encolar | Monk |
| 21:59 | Construir | Siege Workshop |
| 22:00 | Encolar | Villager (Male) |
| 22:00 | Encolar | Villager (Male) |
| 22:08 | Encolar | Villager (Male) |
| 22:15 | Construir | Town Center |
| 22:24 | Encolar | Villager (Male) |
| 22:25 | Encolar | Monk |
| 22:26 | Encolar | Villager (Male) |
| 22:34 | Construir | Siege Workshop |
| 22:39 | Investigar | Wheelbarrow |
| 22:58 | Encolar | Villager (Male) |
| 23:00 | Encolar | Villager (Male) |
Build order — サンドマン
Primeras 150 de 818 acciones detectadas
| 0:00 | Encolar | Villager (Male) |
| 0:01 | Encolar | Villager (Male) |
| 0:01 | Encolar | Villager (Male) |
| 0:01 | Encolar | Villager (Male) |
| 0:02 | Construir | House |
| 0:04 | Construir | House |
| 1:31 | Encolar | Villager (Male) |
| 1:31 | Encolar | Villager (Male) |
| 1:31 | Encolar | Villager (Male) |
| 1:55 | Encolar | Villager (Male) |
| 1:55 | Encolar | Villager (Male) |
| 1:55 | Encolar | Villager (Male) |
| 2:20 | Encolar | Villager (Male) |
| 2:21 | Encolar | Villager (Male) |
| 2:21 | Encolar | Villager (Male) |
| 2:21 | Encolar | Villager (Male) |
| 2:48 | Construir | Lumber Camp |
| 3:01 | Encolar | Villager (Male) |
| 3:01 | Encolar | Villager (Male) |
| 3:01 | Encolar | Villager (Male) |
| 3:41 | Encolar | Villager (Male) |
| 3:42 | Encolar | Villager (Male) |
| 3:42 | Encolar | Villager (Male) |
| 3:42 | Encolar | Villager (Male) |
| 3:42 | Encolar | Villager (Male) |
| 3:49 | Construir | House |
| 4:22 | Encolar | Villager (Male) |
| 4:23 | Encolar | Villager (Male) |
| 4:31 | Construir | House |
| 4:34 | Encolar | Villager (Male) |
| 4:34 | Encolar | Villager (Male) |
| 4:34 | Encolar | Villager (Male) |
| 4:50 | Construir | Mill |
| 5:16 | Encolar | Villager (Male) |
| 5:38 | Encolar | Villager (Male) |
| 5:39 | Encolar | Villager (Male) |
| 5:39 | Encolar | Villager (Male) |
| 6:24 | Encolar | Villager (Male) |
| 6:24 | Encolar | Villager (Male) |
| 6:36 | Encolar | Villager (Male) |
| 6:37 | Encolar | Villager (Male) |
| 6:37 | Encolar | Villager (Male) |
| 6:48 | Construir | Lumber Camp |
| 6:52 | Encolar | Villager (Male) |
| 7:06 | Construir | Farm |
| 7:17 | Construir | Farm |
| 7:21 | Encolar | Villager (Male) |
| 7:47 | Encolar | Villager (Male) |
| 7:59 | Construir | House |
| 8:23 | Investigar | Feudal Age |
| 8:26 | Construir | Mining Camp |
| 8:37 | Encolar | Villager (Male) |
| 8:38 | Encolar | Villager (Male) |
| 9:50 | Construir | Barracks |
| 10:56 | Edad | Edad Feudal |
| 10:59 | Construir | Blacksmith |
| 11:05 | Construir | Stable |
| 11:34 | Construir | House |
| 11:34 | Construir | House |
| 11:44 | Investigar | Castle Age |
| 11:45 | Investigar | Castle Age |
| 11:45 | Investigar | Castle Age |
| 11:55 | Investigar | Double-Bit Axe |
| 11:55 | Investigar | Double-Bit Axe |
| 11:55 | Investigar | Double-Bit Axe |
| 12:00 | Construir | Farm |
| 12:28 | Construir | Farm |
| 12:33 | Construir | Farm |
| 12:42 | Encolar | Scout Cavalry |
| 12:42 | Encolar | Scout Cavalry |
| 13:03 | Construir | Farm |
| 13:17 | Investigar | Horse Collar |
| 13:17 | Investigar | Horse Collar |
| 13:36 | Encolar | Scout Cavalry |
| 14:13 | Encolar | Scout Cavalry |
| 14:26 | Edad | Edad de los Castillos |
| 14:28 | Construir | Monastery |
| 14:28 | Encolar | Villager (Male) |
| 14:30 | Encolar | Villager (Male) |
| 14:38 | Investigar | Bow Saw |
| 14:38 | Investigar | Bow Saw |
| 15:04 | Encolar | Monk |
| 15:06 | Construir | House |
| 15:08 | Construir | Farm |
| 15:10 | Encolar | Villager (Male) |
| 15:18 | Encolar | Scout Cavalry |
| 15:25 | Construir | Farm |
| 15:27 | Construir | Farm |
| 15:28 | Construir | Farm |
| 15:31 | Encolar | Villager (Male) |
| 15:38 | Construir | House |
| 15:56 | Encolar | Villager (Male) |
| 16:08 | Encolar | Monk |
| 16:09 | Construir | House |
| 16:10 | Encolar | Villager (Male) |
| 16:13 | Encolar | Villager (Male) |
| 16:20 | Encolar | Villager (Male) |
| 16:22 | Construir | Town Center |
| 16:36 | Encolar | Villager (Male) |
| 16:41 | Construir | House |
| 16:43 | Encolar | Villager (Male) |
| 17:04 | Encolar | Villager (Male) |
| 17:14 | Encolar | Villager (Male) |
| 17:28 | Construir | Town Center |
| 17:44 | Encolar | Villager (Male) |
| 17:53 | Encolar | Villager (Male) |
| 18:08 | Construir | Farm |
| 18:22 | Encolar | Villager (Male) |
| 18:23 | Encolar | Villager (Male) |
| 18:34 | Encolar | Villager (Male) |
| 18:46 | Encolar | Villager (Male) |
| 18:46 | Encolar | Villager (Male) |
| 18:50 | Encolar | Villager (Male) |
| 18:54 | Construir | Farm |
| 19:17 | Construir | Farm |
| 19:17 | Construir | Farm |
| 19:17 | Construir | Farm |
| 19:17 | Construir | Farm |
| 19:17 | Construir | Farm |
| 19:20 | Encolar | Villager (Male) |
| 19:25 | Encolar | Villager (Male) |
| 19:36 | Encolar | Villager (Male) |
| 19:39 | Encolar | Villager (Male) |
| 19:44 | Encolar | Villager (Male) |
| 19:47 | Construir | Lumber Camp |
| 19:54 | Construir | Farm |
| 19:55 | Construir | Farm |
| 19:55 | Construir | Farm |
| 19:55 | Encolar | Villager (Male) |
| 20:08 | Encolar | Scout Cavalry |
| 20:08 | Encolar | Scout Cavalry |
| 20:10 | Encolar | Villager (Male) |
| 20:17 | Encolar | Villager (Male) |
| 20:27 | Encolar | Villager (Male) |
| 20:34 | Investigar | Wheelbarrow |
| 20:35 | Investigar | Wheelbarrow |
| 20:35 | Investigar | Wheelbarrow |
| 21:05 | Encolar | Villager (Male) |
| 21:07 | Encolar | Villager (Male) |
| 21:08 | Encolar | Villager (Male) |
| 21:10 | Construir | Farm |
| 21:10 | Construir | Farm |
| 21:11 | Construir | Farm |
| 21:11 | Construir | Farm |
| 21:11 | Construir | Farm |
| 21:11 | Construir | Farm |
| 21:13 | Encolar | Villager (Male) |
| 21:24 | Construir | Mill |
| 21:24 | Construir | Farm |
| 21:40 | Encolar | Villager (Male) |
Cronología de la partida
| 8:25 | beta55 · first_building Barracks |
| 9:50 | サンドマン · first_building Barracks |
| 10:09 | beta55 · age_up feudal |
| 10:12 | beta55 · first_building Archery Range |
| 10:56 | サンドマン · age_up feudal |
| 11:05 | サンドマン · first_building Stable |
| 13:47 | beta55 · age_up castle |
| 14:07 | beta55 · first_building Monastery |
| 14:26 | サンドマン · age_up castle |
| 14:28 | サンドマン · first_building Monastery |
| 17:05 | beta55 · wall_segment Palisade Wall x1 |
| 17:07 | beta55 · wall_segment Palisade Wall x1 |
| 21:58 | サンドマン · first_building Archery Range |
| 21:59 | beta55 · first_building Siege Workshop |
| 24:37 | サンドマン · wall_segment Stone Wall x2 |
| 25:01 | サンドマン · first_building Siege Workshop |
| 25:12 | サンドマン · wall_segment Stone Wall x1 |
| 25:59 | サンドマン · first_market_sell 100 food |
| 26:14 | サンドマン · wall_segment Stone Wall x1 |
| 26:15 | サンドマン · wall_segment Stone Wall x1 |
| 26:26 | beta55 · first_building Stable |
| 28:44 | サンドマン · first_building Castle |
| 29:26 | beta55 · first_market_sell 500 wood |
| 29:43 | beta55 · first_market_buy 100 food |
| 29:45 | beta55 · first_building Castle |
| 33:12 | beta55 · age_up imperial |
| 33:13 | サンドマン · age_up imperial |
| 34:47 | beta55 · wall_segment Stone Wall x1 |
| 40:34 | サンドマン · first_market_buy 500 stone |
| 50:30 | サンドマン · resign |
[ ANÁLISIS IA · 1 CRÉDITO ]
¿Qué pasó realmente en esta partida?
Wolo.gg analiza cada decisión: build order, eco, micro, errores típicos por bracket. Análisis personalizado por WhatsApp o Discord en 30 segundos.
Guía civ
Japoneses
Perfil
Jugador #1423034